 Dungeon Crawl Stone Soup version 0.32-a0-702-gc29ba85809 (webtiles) character file.

Game seed: 845574131314532271

3701 Asfel the Cleaver (level 9, -3/71 HPs)
             Began as a Demonspawn Berserker on Mar 14, 2024.
             Was an Elder of Trog.
             Slain by an orc knight
             ... wielding a +0 bardiche
              (7 damage)
             ... on level 1 of the Orcish Mines.
             The game lasted 00:27:36 (6547 turns).

Asfel the Cleaver (Demonspawn Berserker)            Turns: 6547, Time: 00:27:37

Health: -3/71      AC: 14    Str: 20    XL:     9   Next: 91%
Magic:  9/9        EV: 27    Int:  7    God:    Trog [****..]
Gold:   578        SH:  0    Dex: 15    Spells: 8/8 levels left

rFire   . . .        F - +1 executioner's axe (heavy)
rCold   . . .        (shield currently unavailable)
rNeg    + . .        D - +0 plate armour
rPois   .            (helmet restricted)
rElec   .            q - +0 cloak
rCorr   .            K - +0 pair of gloves
SInv    .            (no boots)
Will    .....        r - amulet of the acrobat Stlth
                     l - +5 ring of evasion
HPRegen 0.31/turn    w - ring of positive energy
MPRegen 0.11/turn

%: acrobat
@: acrobatic
A: horns 2, demonic magic 1
a: Renounce Religion, Berserk, Trog's Hand, Brothers in Arms


You were on level 1 of the Orcish Mines.
You worshipped Trog.
Trog was greatly pleased with you.
You visited 3 branches of the dungeon, and saw 10 of its levels.
You also visited: Ossuary.

You collected 628 gold pieces.
You spent 50 gold pieces at shops.

Inventory:

Hand Weapons
 a - a +0 hand axe
 k - a +1 heavy war axe
 y - a +0 giant spiked club
 F - a +1 heavy executioner's axe (weapon)
Armour
 b - a +0 animal skin
 e - a +0 leather armour
 m - a +0 robe
 p - a +0 ring mail
 q - a +0 cloak (worn)
 z - a +0 helmet
 D - a +0 plate armour (worn)
 I - a +0 helmet
 K - a +0 pair of gloves (worn)
Jewellery
 l - a +5 ring of evasion (left hand)
 r - an amulet of the acrobat (around neck)
 v - a ring of flight
 w - a ring of positive energy (right hand)
 M - an amulet of guardian spirit
 N - an amulet of the acrobat
Wands
 O - a wand of mindburst (9)
Scrolls
 g - a scroll of immolation
 i - a scroll of torment
 o - 2 scrolls of vulnerability
 t - 2 scrolls of teleportation
 u - 4 scrolls of fog
 x - 2 scrolls of poison
 A - a scroll of identify
 B - a scroll of revelation
Potions
 c - 2 potions of lignification
 d - 2 potions of cancellation {unknown}
 f - a potion of berserk rage
 h - 2 potions of curing {unknown}
 j - 6 potions of haste {unknown}
 n - 3 potions of attraction {unknown}
 s - a potion of might {unknown}
 C - 2 potions of enlightenment {unknown}
 E - a potion of resistance {unknown}
 G - a potion of degeneration {unknown}
 H - a potion of magic {unknown}
 J - a potion of brilliance {unknown}
 L - a potion of ambrosia {unknown}
 P - a potion of invisibility {unknown}


   Skills:
 + Level 6.6 Fighting
 + Level 10.0 Axes
 + Level 5.2 Armour
 + Level 4.7 Dodging
 + Level 1.4 Stealth
 + Level 0.1 Evocations


You had 8 spell levels left.
You didn't know any spells.
Your spell library contained the following spells:

 Spells                   Type           Power      Damage    Failure   Level
 Freeze                   Ice            0%         1d3       100%        1
 Shock                    Conj/Air       0%         1d3       100%        1
 Scorch                   Fire           0%         2d5       100%        2
 Frozen Ramparts          Ice            0%         1d1       100%        3
 Hailstorm                Conj/Ice       0%         3d5       100%        3
 Swiftness                Air            0%         N/A       100%        3
 Airstrike                Air            0%         2d(0-16)  100%        4
 Brom's Barrelling Bould  Conj/Erth      0%         2d3       100%        4
 Flame Wave               Conj/Fire      0%         2d4       100%        4
 Fireball                 Conj/Fire      0%         3d3       100%        5
 Iskenderun's Battlesphe  Conj           0%         2d6       100%        5
 Conjure Ball Lightning   Conj/Air       0%         3x3d6     100%        6
 Summon Cactus Giant      Summ           0%         N/A       100%        6
 Orb of Destruction       Conj           0%         9d5       100%        7


Dungeon Overview and Level Annotations

Branches:
Dungeon (9/15)             Temple (1/1) D:6             Orc (1/2) D:9
Ossuary (visited)
   Lair: D:8-11

Altars:
Ashenzari
Cheibriados
Dithmenos
Fedhas
Gozag
Hepliaklqana
Kikubaaqudgha
Makhleb
Nemelex Xobeh
Okawaru
Ru
Sif Muna
Trog
Wu Jian
Xom
Yredelemnul

Shops:
D:5 !


Innate Abilities, Weirdness & Mutations

You have a pair of horns on your head.
Spells you cast may paralyse adjacent enemies.


Message History

Unknown command.
You slice something like a ripe choko!!!
Trog accepts your kill.
Trog appreciates your killing of a magic user.
Reactivating autopickup.
You feel a bit more experienced.
You feel yourself speed up.
You recover from your berserk rage.
HP restored.
Things that are here:
a +0 dagger; a +0 robe; an orc corpse
Items here: ( ) [ †.
There is a staircase to the Orcish Mines here.
You can't go up here!
You climb downwards.
Welcome back to the Orcish Mines!
The orc knight enters a dispersal trap!
The orc warrior blinks!
You blink.
Found 34 gold pieces.
The orc knight blinks!
The orc knight roars a battlecry!
The orc knight hits you from afar with a +0 bardiche!
The orc knight hits you but does no damage.
The orc knight misses you.
You see here a +0 club.
You closely miss the orc knight.
The orc warrior hits you from afar with a +0 glaive.
The orc knight closely misses you.
The orc knight hits you with a +0 bardiche!!
The orc warrior hits you from afar with a +0 glaive.
You slice the orc knight like a ripe choko!!!
You headbutt the orc knight.
The orc knight is severely wounded.
The orc warrior barely misses you.
The orc knight hits you with a +0 bardiche. x2
The orc warrior hits you from afar with a +0 glaive!
* * * LOW HITPOINT WARNING * * *
The orc knight hits you from afar with a +0 bardiche!
* * * LOW HITPOINT WARNING * * *
Items here: )) [[ †.
The orc warrior barely misses you.
The orc knight hits you from afar with a +0 bardiche!
You die...

### ##.###
###....##
#.#..o..#
###....)).#
#..^...[@.#
#.....#.o)....#
###..###.#....#
.... ####...#
..... ####
##.... ##$..


You could see an orc knight and an orc warrior (strong).

Vanquished Creatures
  Pikel (D:5)
  A hornet (D:9)
  A shadow (D:9)
  A wyvern (D:9)
  Menkaure (D:5)
  A water moccasin (D:6)
  An ice beast (D:5)
  5 orc warriors (D:9)
  A black bear (D:5)
  An ogre (D:4)
  A centaur (D:6)
  2 lemures (D:5)
  2 phantoms (D:5)
  4 kobold brigands (D:9)
  A bullfrog (D:9)
  3 scorpions (D:5)
  A howler monkey (D:9)
  2 jellies
  3 hounds
  3 orc priests (D:9)
  2 sleepcaps
  2 iguanas
  8 orc wizards
  A scorpion zombie (D:5)
  A hound zombie (D:5)
  2 hound skeletons (D:5)
  7 mummies (Ossuary)
  2 howler monkey skeletons (D:5)
  8 adders
  2 gnolls
  2 white imps (D:6)
  4 ufetubi (D:6)
  An adder skeleton (D:5)
  A ribbon worm (D:2)
  A dart slug (D:3)
  19 orcs
  12 ball pythons
  4 endoplasms
  5 giant cockroaches
  7 goblins
  6 hobgoblins
  4 quokkas
  5 bats
  6 frilled lizards
  A hobgoblin zombie (Ossuary)
  29 kobolds
  3 kobold zombies (Ossuary)
  4 orc zombies (Ossuary)
  9 rats
194 creatures vanquished.

Vanquished Creatures (others)
  An orc (Orc:1)
1 creature vanquished.

Grand Total: 195 creatures vanquished

Notes
Turn   | Place    | Note
-------+----------+-------------------------------------------
     0 | D:1      | Asfel the Demonspawn Berserker began the quest for the Orb.
     0 | D:1      | Reached XP level 1. HP: 18/18 MP: 1/1
    94 | D:1      | Gained mutation: You have a pair of small horns on your
                  | head. [demonic ancestry]
    94 | D:1      | Reached XP level 2. HP: 10/24 MP: 2/2
   167 | D:1      | Reached skill level 3 in Axes
   562 | D:1      | Reached XP level 3. HP: 29/29 MP: 3/3
   953 | D:2      | Reached ** piety under Trog
  1516 | D:2      | Reached XP level 4. HP: 36/36 MP: 4/4
  1740 | D:3      | Found a snail-covered altar of Cheibriados.
  2683 | D:4      | Reached skill level 4 in Axes
  2737 | D:4      | Gained mutation: Spells you cast may paralyse adjacent
                  | enemies. [demonic ancestry]
  2737 | D:4      | Reached XP level 5. HP: 41/42 MP: 5/5
  2849 | D:4      | Found an opulent altar of Gozag.
  3098 | D:4      | Noticed an ogre
  3107 | D:4      | Killed an ogre
  3176 | D:4      | Reached XP level 6. HP: 43/48 MP: 6/6
  3423 | D:4      | Reached *** piety under Trog
  3503 | D:5      | Entered Level 5 of the Dungeon
  3503 | D:5      | Noticed Menkaure
  3503 | D:5      | Found Ulix's Distillery.
  3517 | D:5      | Killed Menkaure
  3518 | D:5      | Reached skill level 5 in Axes
  3529 | D:5      | Bought a potion of heal wounds for 50 gold pieces
  3652 | D:5      | Reached XP level 7. HP: 54/54 MP: 7/7
  3710 | D:5      | Noticed Pikel
  3720 | D:5      | Killed Pikel
  3721 | D:5      | Reached skill level 6 in Axes
  3721 | D:5      | Reached XP level 8. HP: 52/61 MP: 8/8
  3743 | D:5      | Reached skill level 5 in Fighting
  3786 | D:5      | Reached skill level 1 in Stealth
  3812 | D:5      | Found a sand-covered staircase.
  3820 | Ossuary  | Entered an ossuary
  3872 | Ossuary  | Reached skill level 7 in Axes
  4418 | D:5      | Identified a scroll of acquirement
  4418 | D:5      | Acquired a +1 heavy executioner's axe
  4836 | D:6      | Found a staircase to the Ecumenical Temple.
  4843 | Temple   | Entered the Ecumenical Temple
  5065 | D:6      | Reached skill level 8 in Axes
  5141 | D:6      | Found a bloodstained altar of Trog.
  5206 | D:6      | Gained mutation: You have a pair of horns on your head.
                  | [demonic ancestry]
  5206 | D:6      | Reached XP level 9. HP: 65/68 MP: 9/9
  5403 | D:7      | You fall into a shaft and drop 2 floors!
  5491 | D:9      | Reached **** piety under Trog
  5510 | D:9      | Reached skill level 9 in Axes
  5778 | D:9      | Found a staircase to the Orcish Mines.
  5906 | D:9      | Found a sparkling altar of Nemelex Xobeh.
  6068 | D:9      | Reached skill level 5 in Armour
  6363 | Orc:1    | Entered Level 1 of the Orcish Mines
  6366 | Orc:1    | Noticed an orc knight
  6376 | Orc:1    | Reached skill level 10 in Axes
  6547 | Orc:1    | Slain by an orc knight

Illustrated notes

Levels and vault maps discovered:
D:1:      lemuel_arrival_room, layout_loops_ring, corexii_leaking_fountain,
          supply_closet_lemuel
D:2:      layout_loops_corners
D:3:      layout_basic, mainiacjoe_overflow_alcove_2
D:4:      layout_gridville, mainiacjoe_overflow_catwalk,
          mainiacjoe_sewer_entry_somewhere_in_here_2,
          chequers_serial_rivers_small_a
D:5:      cheibrodos_quashed, layout_basic, serial_shops,
          nicolae_shop_peninsula, mainiacjoe_ossuary_entry_find_the_door,
          uniq_menkaure, uniq_pikel
D:6:      layout_basic, mainiacjoe_overflow_tiny_flanked,
          minmay_temple_entry_hall
D:7:      layout_cave_pools, mainiacjoe_overflow_alcove_1,
          serial_library_hellmonk_long_bookcase, solitary_fountain
D:9:      layout_grid_maze, kennysheep_little_box, erik_orc_4
Temple:   eino_narrow_crystal_temple
Orc:1:    layout_diamond_mine, serial_shops, shop, shop,
          nicolae_shop_back_alley_shop,
          nicolae_shop_temple_entry_statues_fountains

Skill      XL: |  1  2  3  4  5  6  7  8  9 |
---------------+----------------------------+-----
Axes           | 3 4 5 6 8 10 | 10.0
Dodging        | 2 3 4 |  4.7
Armour         | 2 3 4 5 |  5.2
Fighting       | 4 5 6 |  6.6
Stealth        | 1 |  1.4
Evocations     | |  0.1

Action                     |  1- 3 |  4- 6 |  7- 9 || total
---------------------------+-------+-------+-------++-------
  Melee: Hand axe          |    53 |       |       ||    53
         Headbutt          |    10 |    17 |    40 ||    67
         War axe           |    22 |   119 |    88 ||   229
         Executioner's axe |       |       |    96 ||    96
 Invoke: Berserk           |     1 |     2 |     2 ||     5
         Trog's Hand       |       |     1 |     3 ||     4
  Evoke: Wand              |       |       |     2 ||     2
    Use: Scroll            |       |     8 |     7 ||    15
         Potion            |       |       |     7 ||     7
 Armour: Animal skin       |    56 |       |       ||    56
         Ring mail         |       |    54 |    37 ||    91
         Plate armour      |       |       |   214 ||   214
         Skin              |       |       |     1 ||     1
  Dodge: Dodged            |    57 |   138 |   268 ||   463

Table legend: (Time is in decaauts)
 A = Elapsed time spent in this place.
 B = Non-inter-level travel time spent in this place.
 C = Inter-level travel time spent in this place.
 D = Time resting spent in this place.
 E = Time spent auto-exploring this place.
 F = Levels seen in this place.
 G = Mean time per level.
                   A        B        C        D        E       F      G
               +--------+--------+--------+--------+--------+-----+--------+
         Total |   6821 |   6297 |    524 |      0 |   4776 |  11 |  620.1 |
       Dungeon |   6581 |   6057 |    524 |      0 |   4656 |   8 |  822.6 |
        Temple |      1 |      1 |      0 |      0 |      0 |   1 |    1.0 |
  Orcish Mines |     29 |     29 |      0 |      0 |      0 |   1 |   29.0 |
       Ossuary |    209 |    209 |      0 |      0 |    120 |   1 |  209.0 |
               +--------+--------+--------+--------+--------+-----+--------+

Top non-repeatable levels by time:
     D:9: 1207 daAuts
     D:5: 1089 daAuts
     D:3: 956 daAuts
     D:2: 903 daAuts
     D:4: 867 daAuts
     D:1: 852 daAuts
     D:6: 704 daAuts
 Ossuary: 209 daAuts
   Orc:1: 29 daAuts
  Temple: 1 daAuts
